 Dungeon Crawl Stone Soup version 0.22-a0-553-g9358b0b (webtiles) character file.

2494 stealthycow the Cleaver (level 9, -1/79 HPs)
             Began as a Minotaur Berserker on June 25, 2018.
             Was an Elder of Trog.
             Slain by a gnoll sergeant
             ... wielding a +0 halberd
              (4 damage)
             ... in a bailey.
             The game lasted 00:12:42 (6218 turns).

stealthycow the Cleaver (Minotaur Berserker)        Turns: 6218, Time: 00:12:42

Health: -1/79      AC: 15    Str: 22    XL:     9   Next: 28%
Magic:  8/8        EV:  9    Int:  4    God:    Trog [****..]
Gold:   323        SH:  0    Dex: 13    Spells: 8/8 levels left

rFire    . . .     SeeInvis +   d - +0 war axe
rCold    . . .     Gourm    .   (no shield)
rNeg     . . .     Faith    .   a - +0 plate armour
rPois    .         Spirit   .   (helmet restricted)
rElec    .         Reflect  .   (no cloak)
rCorr    +         Harm     .   b - +0 pair of gloves
MR       .....                  s - +0 pair of boots
Stlth    ..........             (no amulet)
HPRegen  0.23/turn              u - ring of see invisible
MPRegen  0.11/turn              w - ring of resist corrosion

@: berserk cooldown, slowed, very slow
A: retaliatory headbutt, horns 2
a: Berserk, Trog's Hand, Brothers in Arms, Renounce Religion


You were in a bailey.
You worshipped Trog.
Trog was greatly pleased with you.
You were not hungry.

You visited 1 branch of the dungeon, and saw 7 of its levels.
You also visited: Bailey.

You collected 323 gold pieces.

Inventory:

Hand Weapons
 d - a +0 war axe (weapon)
Missiles
 g - 7 throwing nets (quivered)
Armour
 a - a +0 plate armour (worn)
 b - a +0 pair of gloves (worn)
 s - a +0 pair of boots (worn)
Jewellery
 u - a ring of see invisible (left hand)
 w - a ring of resist corrosion (right hand)
Wands
 r - a wand of flame (51)
Scrolls
 j - 2 scrolls of enchant weapon
 k - 3 scrolls of teleportation
 p - 2 scrolls of remove curse
Potions
 e - a potion of flight
 f - a potion of ambrosia
 h - 2 potions of agility
 i - a potion of lignification
 m - a potion of might
 n - a potion of invisibility
 q - a potion of haste {unknown}
 v - 2 potions of curing
 z - a potion of brilliance {unknown}
 A - a potion of berserk rage {unknown}
Comestibles
 c - 5 rations


   Skills:
 + Level 7.6 Fighting
 * Level 10.1 Axes
 + Level 7.1 Armour
 + Level 6.5 Dodging


You had 8 spell levels left.
You didn't know any spells.
Your spell library was empty.

Dungeon Overview and Level Annotations

Branches:
Dungeon (7/15)             Temple (0/1) D:6

Altars:
Cheibriados
Yredelemnul

Shops:
D:6 *

Annotations:
D:4 1 runed door, NalNutta's ghost, amateur DsBe


Innate Abilities, Weirdness & Mutations

You reflexively headbutt those who attack you in melee.
You have a pair of horns on your head.


Message History

* * * LOW HITPOINT WARNING * * *
You are too injured to fight recklessly!
You feel much better.
The gnoll sergeant hits you with a halberd.
* * * LOW HITPOINT WARNING * * *
The gnoll sergeant hits you from afar with a halberd.
* * * LOW HITPOINT WARNING * * *
The gnoll sergeant hits you but does no damage.
The gnoll sergeant closely misses you.
The gnoll sergeant hits you from afar with a halberd.
* * * LOW HITPOINT WARNING * * *
You fail to use your ability.
The gnoll sergeant hits you with a halberd.
* * * LOW HITPOINT WARNING * * *
The gnoll sergeant hits you from afar with a halberd.
* * * LOW HITPOINT WARNING * * *
The gnoll sergeant hits you from afar with a halberd.
* * * LOW HITPOINT WARNING * * *
The gnoll sergeant hits you with a halberd.
You die...

♣♣♣♣♣♣♣♣♣♣♣♣♣♣♣♣♣♣♣
♣♣≈≈≈≈≈≈≈≈≈≈≈≈≈≈≈≈≈♣♣
♣≈≈...............≈≈♣
♣≈.................≈♣
♣≈..#####...#####..≈♣
♣≈.##...#(.@#gg.##.≈♣
♣≈##...)'.).ggg..##≈♣
♣≈#....)#...#gg...#≈♣
♣≈#8....##'##ggg.8#≈♣
♣≈#....##...##....#≈♣
♣≈#...##.....##...#≈♣
♣≈#...#.......#...#≈♣
♣≈###+#...8...#...#≈♣
♣≈ #...)...# ..#≈♣


You could see 3 gnoll sergeants, a gnoll shaman and 4 gnolls.

Vanquished Creatures
  A hungry ghost (D:7)
  A human (D:3)
  2 sky beasts
  An ice beast (D:5)
  An ogre (D:5)
  2 phantoms
  2 bullfrogs (D:7)
  2 gnoll sergeants (Bailey)
  5 killer bees (D:7)
  A scorpion (D:4)
  4 wights (D:7)
  2 crimson imps
  3 orc priests
  3 hounds
  4 orc wizards (D:6)
  A bullfrog skeleton (D:4)
  2 gnoll shamans (Bailey)
  A human skeleton (D:3)
  An iguana (D:6)
  7 worker ants
  2 hound zombies
  A worker ant zombie (D:6)
  15 gnolls
  10 adders
  3 oozes
  4 dart slugs
  A worm (D:5)
  4 leopard geckos
  14 orcs
  A giant cockroach (D:2)
  3 goblins
  10 hobgoblins
  2 quokkas
  2 ball pythons
  5 bats
  5 frilled lizards
  10 kobolds
  A kobold skeleton (D:3)
  8 rats
147 creatures vanquished.

Vanquished Creatures (others)
  A quokka (D:5)
1 creature vanquished.

Grand Total: 148 creatures vanquished

Notes
Turn   | Place    | Note
-------+----------+-------------------------------------------
     0 | D:1      | stealthycow the Minotaur Berserker began the quest for the Orb.
     0 | D:1      | Reached XP level 1. HP: 19/19 MP: 0/0
   241 | D:1      | Reached XP level 2. HP: 23/27 MP: 1/1
   339 | D:1      | Reached skill level 4 in Axes
   936 | D:2      | Reached XP level 3. HP: 31/33 MP: 2/2
   945 | D:2      | Reached ** piety under Trog
   953 | D:2      | Reached XP level 4. HP: 40/40 MP: 3/3
  1279 | D:2      | Reached skill level 5 in Axes
  1605 | D:2      | Reached XP level 5. HP: 46/47 MP: 4/4
  2577 | D:3      | Found a runed door.
  2577 | D:3      | Noticed a human
  2581 | D:3      | Found a basalt altar of Yredelemnul.
  2697 | D:3      | Killed a human
  2697 | D:3      | Reached skill level 5 in Fighting
  2697 | D:3      | Reached skill level 6 in Axes
  2697 | D:3      | Reached XP level 6. HP: 56/56 MP: 5/5
  3079 | D:4      | Reached *** piety under Trog
  3204 | D:4      | Reached XP level 7. HP: 61/61 MP: 6/6
  3387 | D:4      | Found a runed door.
  3419 | D:4      | Noticed NalNutta's ghost (amateur DsBe)
  3621 | D:4      | Reached skill level 7 in Axes
  3709 | D:5      | Entered Level 5 of the Dungeon
  3808 | D:5      | Reached skill level 5 in Armour
  4322 | D:5      | Found a snail-covered altar of Cheibriados.
  4436 | D:6      | Reached skill level 5 in Dodging
  4436 | D:6      | Reached XP level 8. HP: 51/70 MP: 7/7
  4566 | D:6      | Reached skill level 8 in Axes
  4597 | D:6      | Found a staircase to the Ecumenical Temple.
  4711 | D:6      | Found Baintael's General Store.
  5480 | D:7      | Reached **** piety under Trog
  5481 | D:7      | Reached skill level 9 in Axes
  5636 | D:7      | Reached XP level 9. HP: 79/79 MP: 8/8
  5896 | D:7      | Found a flagged portal.
  5906 | Bailey   | Entered a bailey
  6034 | Bailey   | Reached skill level 10 in Axes
  6218 | Bailey   | HP: 3/79 [gnoll sergeant/halberd (1)]
  6218 | Bailey   | Slain by a gnoll sergeant

Vault maps used:
D:1:      minmay_arrival_plants_in_alcoves
D:2:      first_ration
D:3:      dk_yredelemnul_ordeal
D:4:      ebering_ghost_sewer_d
D:5:      kennysheep_mini_moat
D:6:      minmay_temple_entry_enclosed_plants, serial_shops, nicolae_shop_stone,
          minmay_misc_feat_rows
D:7:      enter_bailey_2
Bailey:   bailey_polearm_gnolls_kennysheep, bailey

Skill      XL: |  1  2  3  4  5  6  7  8  9 |
---------------+----------------------------+-----
Axes           | 4 5 6 7 9 10 | 10.1
Fighting       | 4 5 6 7 |  7.6
Armour         | 3 4 5 6 7 |  7.1
Dodging        | 3 4 5 6 |  6.5

Action                   |  1- 3 |  4- 6 |  7- 9 || total
-------------------------+-------+-------+-------++-------
Melee: Hand axe          |    57 |    47 |   113 ||   217
       Headbutt          |     8 |    22 |    32 ||    62
       Trident           |       |    64 |    20 ||    84
       War axe           |       |       |    86 ||    86
Invok: Berserk           |     1 |     4 |     6 ||    11
       Trog's Hand       |       |       |     1 ||     1
  Use: Scroll            |       |       |    16 ||    16
       Potion            |       |       |     1 ||     1
  Eat: Chunk             |       |    11 |    11 ||    22
       Ration            |       |       |     2 ||     2
Armor: Ring mail         |    16 |     7 |       ||    23
       Animal skin       |     1 |       |       ||     1
       Chain mail        |       |    33 |    84 ||   117
       Plate armour      |       |       |    21 ||    21
Dodge: Dodged            |    46 |    62 |   149 ||   257

Table legend:
 A = Spawn XP
 B = Non-spawn XP
 C = Spawn XP percentage of total XP
 D = Spawn monster count
 E = Non-spawn monster count
 F = Spawn count percentage of total count
 G = Total turns spent on level
                    A         B        C        D         E        F      G
               +---------+---------+-------+---------+---------+-------+---------
         Total |       0 |    3563 |   0.0 |       0 |     148 |   0.0 |  6218
               +---------+---------+-------+---------+---------+-------+---------
           D:1 |       0 |      36 |   0.0 |       0 |      16 |   0.0 |   902
           D:2 |       0 |     183 |   0.0 |       0 |      34 |   0.0 |  1244
           D:3 |       0 |     273 |   0.0 |       0 |      18 |   0.0 |   794
           D:4 |       0 |     427 |   0.0 |       0 |      11 |   0.0 |   784
           D:5 |       0 |     414 |   0.0 |       0 |       8 |   0.0 |   697
           D:6 |       0 |     617 |   0.0 |       0 |      26 |   0.0 |  1043
           D:7 |       0 |    1162 |   0.0 |       0 |      21 |   0.0 |   442
        Bailey |       0 |     451 |   0.0 |       0 |      14 |   0.0 |   312
               +---------+---------+-------+---------+---------+-------+---------
